 Dungeon Crawl Stone Soup version 0.29-a0-106-g0a07039d5a (webtiles) character file.

Game seed: 9153872113449957093

261 kae the Insei (level 5, 0/42 HPs)
             Began as a Draconian Transmuter on Feb 16, 2022.
             Slain by a scorpion (5 damage)
             ... on level 4 of the Dungeon.
             The game lasted 00:01:12 (3291 turns).

kae the Insei (Draconian Transmuter)                Turns: 3291, Time: 00:01:13

Health: 0/42       AC:  5    Str: 12    XL:     5   Next: 96%
Magic:  7/8        EV: 12    Int: 15    God:
Gold:   165        SH:  0    Dex: 12    Spells: 5/9 levels left

rFire   . . .      SeeInvis .     - Unarmed
rCold   . . .      Faith    .   (no shield)
rNeg    . . .      Spirit   .   (armour unavailable)
rPois   .          Reflect  .   (helmet currently unavailable)
rElec   .          Harm     .   (no cloak)
rCorr   .          Rampage  .   (no gloves)
Will    .....                   (boots currently unavailable)
Stlth   +.........              (no amulet)
HPRegen 0.14/turn               (no ring)
MPRegen 0.11/turn               (no ring)

@: appendages
A: horns 2, talons 2, AC +5, unfitting armour, cold-blooded
a: End Transformation


You were on level 4 of the Dungeon.
You had temporarily grown beastly horns and talons.
You visited 1 branch of the dungeon, and saw 4 of its levels.

You collected 165 gold pieces.

Inventory:

Scrolls
 f - 2 scrolls of identify
 g - 2 scrolls of amnesia
Potions
 a - a potion of might
 b - a potion of invisibility
 c - a potion of curing
 d - a potion of flight {unknown}
 e - a potion of haste


   Skills:
 + Level 2.3 Fighting
 + Level 2.6 Dodging
 * Level 4.1 Unarmed Combat
 + Level 2.6 Spellcasting
 * Level 3.5 Transmutations
 * Level 1.8 Poison Magic


You had 5 spell levels left.
You knew the following spells:

 Your Spells              Type           Power      Damage    Failure   Level
a - Beastly Appendage     Tmut           24%        N/A       4%          1
b - Spider Form           Tmut/Pois      10%        N/A       21%         3

Your spell library contained the following spells:

 Spells                   Type           Power      Damage    Failure   Level
 Wereblood                Tmut           12%        N/A       8%          2
 Foxfire                  Conj/Fire      4%         2x1d4     22%         1
 Magic Dart               Conj           4%         1d3       22%         1
 Conjure Flame            Conj/Fire      1%         6-21      54%         3
 Inner Flame              Hex/Fire       1%         N/A       54%         3
 Ice Form                 Ice/Tmut       7%         N/A       69%         4
 Flame Wave               Conj/Fire      1%         2d4       91%         4
 Summon Forest            Summ/Tloc      0%         N/A       99%         5
 Eringya's Noxious Bog    Tmut/Pois      5%         N/A       100%        6
 Summon Hydra             Summ           0%         N/A       100%        7
 Ignition                 Fire           0%         3d3       100%        8


Dungeon Overview and Level Annotations

Branches:
Dungeon (4/15)
 Temple: D:4-7

Altars:
Cheibriados
Elyvilon

Shops:
D:4 (


Innate Abilities, Weirdness & Mutations

You have temporarily grown beastly horns and talons.
Your plain brown scales are hard. (AC +5)
You cannot fit into any form of body armour.
You are cold-blooded and may be slowed by cold attacks.


Message History

* * * LOW HITPOINT WARNING * * *
You hit the scorpion.
The scorpion is moderately wounded.
* * * LOW HITPOINT WARNING * * *
You feel very sick. The scorpion misses you.
You feel better. The scorpion barely misses you.
The scorpion stings you but does no damage.
Casting: Beastly Appendage (safe; 4% risk of failure)
Confirm with . or Enter, or press ? or * to list all spells.
You grow a pair of large bovine horns.
Your feet morph into talons.
The scorpion stings you.
* * * LOW HITPOINT WARNING * * *
The scorpion stings you but does no damage.
You closely miss the scorpion. You claw the scorpion.
You punch the scorpion, but do no damage.
The scorpion is heavily wounded.
The scorpion barely misses you.
You closely miss the scorpion. Your kick misses the scorpion.
You tail-slap the scorpion.
The scorpion is severely wounded.
The scorpion misses you.
You hit the scorpion.
You tail-slap the scorpion, but do no damage.
The scorpion is almost dead.
The scorpion closely misses you.
You barely miss the scorpion. You tail-slap the scorpion.
The scorpion is almost dead.
The scorpion closely misses you.
You hit the scorpion but do no damage.
The scorpion is almost dead.
The scorpion stings you.
* * * LOW HITPOINT WARNING * * *
The scorpion stings you.
* * * LOW HITPOINT WARNING * * *
You closely miss the scorpion.
You claw the scorpion, but do no damage.
The scorpion is almost dead.
The scorpion stings you.
You die...

... .. #.
####.#
.....####
#......#
####...s#.##
....<..@#..#
####$.)..#.#
##
#.###...###
.. #
##....##.#
###.....#
###
##....###
##..
#......# #..
#.#.##...#
##.#
###.#..##.##


You could see a scorpion.

Vanquished Creatures
  A phantom (D:3)
  A jelly (D:4)
  2 orc priests (D:3)
  Terence (D:2)
  An adder (D:2)
  A dart slug (D:3)
  8 orcs
  2 ball pythons
  5 endoplasms
  A giant cockroach (D:1)
  3 goblins
  5 hobgoblins
  3 quokkas
  3 bats
  A frilled lizard (D:2)
  6 kobolds
  7 rats
51 creatures vanquished.

Notes
Turn   | Place    | Note
-------+----------+-------------------------------------------
     0 | D:1      | kae the Draconian Transmuter began the quest for the Orb.
     0 | D:1      | Reached XP level 1. HP: 16/16 MP: 3/3
   232 | D:1      | Reached XP level 2. HP: 23/23 MP: 3/5
   775 | D:2      | Noticed Terence
   785 | D:2      | Killed Terence
   786 | D:2      | Reached XP level 3. HP: 22/28 MP: 6/6
   790 | D:2      | Learned a level 3 spell: Spider Form
   860 | D:2      | Got the Reference Book on the Excruciating Arsonist
  1695 | D:2      | Reached XP level 4. HP: 36/36 MP: 5/7
  2118 | D:2      | Found a faded altar of an unknown god.
  2248 | D:3      | Noticed a phantom
  2266 | D:3      | Killed a phantom
  2267 | D:3      | Reached skill level 1 in Poison Magic
  2267 | D:3      | Reached XP level 5. HP: 24/41 MP: 6/8
  2441 | D:3      | Found a white marble altar of Elyvilon.
  2603 | D:3      | Reached skill level 4 in Unarmed Combat
  2844 | D:3      | Found a snail-covered altar of Cheibriados.
  3198 | D:4      | Found Adweros's Weapon Shoppe.
  3291 | D:4      | Slain by a scorpion

Illustrated notes

Levels and vault maps discovered:
D:1:      lemuel_arrival_tunnels, layout_rooms, serial_bayou_crossing
D:2:      layout_basic, shapermc_ecumenical_altar_mp_vishouse, chequers_avenue,
          uniq_terence
D:3:      layout_rooms, nicolae_overflow_crystal_walls,
          mainiacjoe_overflow_small_starburst
D:4:      layout_rooms, minmay_temple_entry_waves, serial_shops,
          nicolae_shop_window_shopping, minmay_liquid_box, nicolae_wormholes

Skill      XL: |  1  2  3  4  5 |
---------------+----------------+-----
Dodging        | 2 |  2.6
Fighting       | 2 |  2.3
Transmutations | 3 |  3.5
Poison Magic   | 1 |  1.8
Unarmed Combat | 4 |  4.1
Spellcasting   | |  2.6

Action                   |  1- 3 |  4- 6 || total
-------------------------+-------+-------++-------
Melee: Unarmed           |    76 |    85 ||   161
       Kick              |    15 |    13 ||    28
       Headbutt          |     6 |     5 ||    11
       Tailslap          |     5 |    11 ||    16
       Punch             |     2 |     4 ||     6
 Cast: Beastly Appendage |    23 |    15 ||    38
       Spider Form       |       |     1 ||     1
  Use: Scroll            |     2 |     4 ||     6
       Potion            |       |     1 ||     1
Armor: Skin              |    21 |    25 ||    46
Dodge: Dodged            |    47 |    41 ||    88

Table legend: (Time is in decaauts)
 A = Elapsed time spent in this place.
 B = Non-inter-level travel time spent in this place.
 C = Inter-level travel time spent in this place.
 D = Time resting spent in this place.
 E = Time spent auto-exploring this place.
 F = Levels seen in this place.
 G = Mean time per level.
                   A        B        C        D        E       F      G
               +--------+--------+--------+--------+--------+-----+--------+
         Total |   3287 |   3206 |     81 |      6 |   2765 |   4 |  821.8 |
       Dungeon |   3287 |   3206 |     81 |      6 |   2765 |   4 |  821.8 |
               +--------+--------+--------+--------+--------+-----+--------+

Top non-repeatable levels by time:
     D:2: 1425 daAuts
     D:3: 983 daAuts
     D:1: 772 daAuts
     D:4: 104 daAuts
